 Dungeon Crawl Stone Soup version 0.29.1-4-g47bece8355 (webtiles) character file.

Game seed: 1349240235948076189

574 fantasyman the Conjurer (level 7, 0/45 HPs)
             Began as an Octopode Conjurer on Dec 5, 2022.
             Was an Initiate of Vehumet.
             Slain by an orc
             ... wielding a +0 short sword
              (1 damage)
             ... on level 5 of the Dungeon.
             The game lasted 00:09:31 (5793 turns).

fantasyman the Conjurer (Octopode Conjurer)         Turns: 5793, Time: 00:09:32

Health: 0/45       AC:  1    Str:  6    XL:     7   Next: 35%
Magic:  8/13       EV: 13    Int: 22    God:    Vehumet [......]
Gold:   238        SH:  0    Dex: 11    Spells: 11/14 levels left

rFire   . . .      SeeInvis .   d - staff of conjuration
rCold   . . .      Faith    .   (no shield)
rNeg    . . .      Spirit   .   (helmet restricted)
rPois   .          Reflect  .   (no amulet)
rElec   .          Harm     .   e - ring of willpower
rCorr   .          Rampage  .   (no ring)
Will    +....                   (no ring)
Stlth   +++.......              (no ring)
HPRegen 0.15/turn               (no ring)
MPRegen 0.13/turn               (no ring)
                                (no ring)
                                (no ring)

@: no status effects
A: almost no armour, amphibious, 8 rings, camouflage 1, gelatinous body 1,
(nimble swimmer 1), tentacles
a: Renounce Religion


You were on level 5 of the Dungeon.
You worshipped Vehumet.
Vehumet was noncommittal.
You visited 2 branches of the dungeon, and saw 6 of its levels.

You collected 238 gold pieces.

Inventory:

Magical Staves
 d - a staff of conjuration (weapon)
Jewellery
 e - a ring of willpower (left tentacle)
Scrolls
 f - a scroll of teleportation
 h - a scroll of vulnerability
 j - 2 scrolls of fog
 k - 2 scrolls of noise
Potions
 a - a potion of magic
 b - a potion of might
 c - a potion of lignification {unknown}
 g - 4 potions of curing
 i - a potion of ambrosia {unknown}
 l - a potion of resistance {unknown}


   Skills:
 * Level 2.1 Fighting
 + Level 0.1 Staves
 * Level 3.0 Dodging
 * Level 4.4 Stealth
 * Level 4.1 Spellcasting
 * Level 6.3 Conjurations


You had 11 spell levels left.
You knew the following spells:

 Your Spells              Type           Power      Damage    Failure   Level
a - Magic Dart            Conj           100%       1d8       1%          1
b - Searing Ray           Conj           96%        2d7       1%          2

Your spell library contained the following spells:

 Spells                   Type           Power      Damage    Failure   Level
 Dazzling Flash           Conj/Hex       54%        N/A       9%          3
 Apportation              Tloc           8%         N/A       11%         1
 Sublimation of Blood     Necr           4%         N/A       17%         2
 Wereblood                Tmut           4%         N/A       17%         2
 Fulminant Prism          Conj/Hex       13%        3d9       30%         4
 Iskenderun's Mystic Bla  Conj/Tloc      27%        2d7       30%         4
 Alistair's Intoxication  Tmut/Pois      2%         N/A       97%         5
 Summon Hydra             Summ           2%         N/A       100%        7


Dungeon Overview and Level Annotations

Branches:
Dungeon (5/15)             Temple (1/1) D:5

Altars:
Ashenzari
Dithmenos
Elyvilon
Fedhas
Gozag
Hepliaklqana
Kikubaaqudgha
Nemelex Xobeh
Okawaru
Ru
Trog
Vehumet
Wu Jian
Xom
Zin
The Shining One


Innate Abilities, Weirdness & Mutations

You cannot wear most types of armour.
You are amphibious.
You can wear up to eight rings at the same time.
Your skin changes colour to match your surroundings (Stealth+).
Your rubbery body absorbs attacks. (AC +1, EV +1)
((You are camouflaged when in or above water. (Stealth+)))
You have tentacles for arms and can constrict up to eight enemies at once.


Message History

Reactivating autopickup.
You feel a bit more experienced.
You finish channelling your searing ray.
An orc comes into view. It is wielding a +0 short sword.
Your Spellcasting skill increases to level 4!
The orc attacks as you move away! The orc closely misses you.
An orc comes into view. It is wielding a +0 antimagic dagger.
The orc attacks as you move away! The orc barely misses you.
Found a long sword.
The orc barely misses you.
The orc shouts! x2
The orc attacks as you move away! The orc barely misses you.
The orc attacks as you move away! The orc hits you but does no damage.
A water moccasin comes into view.
The water moccasin moves out of view.
The orc attacks as you move away! The orc hits you with a +0 short sword.
An orc comes into view. It is wielding a +0 short sword.
The orc barely misses you.
The orc hits you with a +0 antimagic dagger.
You feel your power leaking away. The orc closely misses you.
The orc completely misses you.
The orc shouts!
The orc hits you with a +0 short sword.
* * * LOW HITPOINT WARNING * * *
The orc misses you. The orc misses you. The orc attacks as you move away!
The orc hits you with a +0 short sword.
* * * LOW HITPOINT WARNING * * *
The orc closely misses you. The orc attacks as you move away!
The orc barely misses you. The orc attacks as you move away!
The orc closely misses you. The orc attacks as you move away!
The orc closely misses you. The orc attacks as you move away!
The orc misses you. The orc attacks as you move away!
The orc hits you with a +0 short sword.
* * * LOW HITPOINT WARNING * * *
The orc attacks as you move away! The orc hits you with a +0 club.
* * * LOW HITPOINT WARNING * * *
The orc attacks as you move away! The orc hits you but does no damage.
The orc attacks as you move away! The orc hits you with a +0 short sword.
You die...

###.......#####.......#
.........##...#.......#
..........#...#.......#########
..........#...#...............#
..........+...#...............#
###.......#...#o..............#
..#......##...#.o.............#
..#.....>####'#oo...........>.#
..#...........#.@.............#
..#...........#...............#
..#...........##'#####........#
..#########..........#.....>..#
.. ######.....#........# ..
#.....#o.......# ..
######+#........#
#...............# ..
+.......#########


You could see 4 orcs.

Vanquished Creatures
  A water moccasin (D:3)
  2 jellies
  An orc priest (D:5)
  2 iguanas
  Natasha (thrice) (D:4)
  3 orc wizards (D:5)
  Robin (D:2)
  2 gnolls (D:5)
  7 adders
  A worm (D:2)
  2 dart slugs
  9 orcs
  3 bats
  2 endoplasms (D:1)
  4 giant cockroaches (D:2)
  11 goblins
  8 hobgoblins
  2 quokkas
  11 ball pythons
  3 frilled lizards
  6 kobolds
  3 rats
87 creatures vanquished.

Notes
Turn   | Place    | Note
-------+----------+-------------------------------------------
     0 | D:1      | fantasyman the Octopode Conjurer began the quest for the
                  | Orb.
     0 | D:1      | Reached XP level 1. HP: 11/11 MP: 3/3
   570 | D:1      | Reached XP level 2. HP: 17/17 MP: 3/5
  1046 | D:2      | Learned a level 2 spell: Searing Ray
  1252 | D:2      | Found a faded altar of an unknown god.
  1288 | D:2      | Reached XP level 3. HP: 22/22 MP: 3/6
  1585 | D:2      | Noticed Robin
  2052 | D:3      | Reached XP level 4. HP: 27/27 MP: 5/7
  2120 | D:3      | Found an ancient bone altar of Kikubaaqudgha.
  2120 | D:3      | Noticed a water moccasin
  2128 | D:3      | Killed a water moccasin
  2129 | D:3      | Reached skill level 1 in Fighting
  2129 | D:3      | Reached skill level 5 in Conjurations
  2129 | D:3      | Reached XP level 5. HP: 10/33 MP: 0/9
  2503 | D:3      | Found an opulent altar of Gozag.
  2504 | D:3      | Found a broken altar of Ashenzari.
  3319 | D:2      | Killed Robin
  3865 | D:4      | Reached XP level 6. HP: 38/38 MP: 8/10
  4042 | D:4      | Noticed Natasha
  4045 | D:4      | Killed Natasha
  4046 | D:4      | Identified a scroll of acquirement
  4046 | D:4      | Acquired a staff of conjuration
  4117 | D:4      | Noticed Natasha
  4127 | D:4      | Killed Natasha
  4284 | D:4      | Noticed Natasha
  4295 | D:4      | Killed Natasha
  5005 | D:5      | Entered Level 5 of the Dungeon
  5009 | D:5      | Found a staircase to the Ecumenical Temple.
  5016 | D:5      | Reached skill level 6 in Conjurations
  5020 | D:5      | Reached XP level 7. HP: 45/45 MP: 2/12
  5107 | Temple   | Entered the Ecumenical Temple
  5348 | Temple   | Became a worshipper of Vehumet
  5791 | D:5      | HP: 1/45 [orc/+0 club (5)]
  5793 | D:5      | Slain by an orc

Illustrated notes

Levels and vault maps discovered:
D:1:      dpeg_arrival_tiny_i, layout_basic
D:2:      layout_rooms, dreamdust_ecumenical_altar_hidden_monk_grotto,
          uniq_robin
D:3:      layout_basic, mainiacjoe_overflow_24_doors,
          nicolae_overflow_two_pavilions, serial_bayou_pond_a
D:4:      layout_rooms, chequers_garden, uniq_natasha
D:5:      layout_gridville, minmay_temple_entry_proselytizer
Temple:   nicolae_temple_bog_church

Skill      XL: |  1  2  3  4  5  6  7 |
---------------+----------------------+-----
Stealth        | 3 4 |  4.4
Fighting       | 1 2 |  2.1
Conjurations   | 5 6 |  6.3
Spellcasting   | 3 4 |  4.1
Dodging        | 3 |  3.0
Staves         | |  0.1

Action                   |  1- 3 |  4- 6 |  7- 9 || total
-------------------------+-------+-------+-------++-------
Melee: Unarmed           |     6 |     2 |       ||     8
       Tentacles         |     3 |       |       ||     3
       Constrict         |     1 |     1 |     1 ||     3
       Staff             |       |     1 |     3 ||     4
 Cast: Magic Dart        |    56 |    78 |    17 ||   151
       Searing Ray       |     1 |    11 |     9 ||    21
  Use: Potion            |       |     3 |       ||     3
       Scroll            |       |     4 |     2 ||     6
Armor: Skin              |     1 |       |     3 ||     4
Dodge: Dodged            |     6 |    19 |    14 ||    39
